 Dungeon Crawl Stone Soup version 0.19-a0-1937-g70ed36a (webtiles) character file.

374 varam the Ruffian (level 6, -3/59 HPs)
             Began as a Troll Monk on Oct 26, 2016.
             Slain by p0werm0de's ghost (11 damage)
             ... on level 4 of the Dungeon.
             The game lasted 00:04:18 (3195 turns).

varam the Ruffian (Troll Monk)                      Turns: 3195, Time: 00:04:19

Health: -3/59      AC:  5    Str: 20    XL:     6   Next: 43%
Magic:  5/5        EV: 10    Int:  6    God:
Gold:   132        SH:  0    Dex: 14    Spells: 0 memorised, 5 levels left

rFire  . . .     SeeInvis +       - Unarmed
rCold  . . .     Gourm    +     a - +0 robe
rNeg   . . .     Faith    .     (no shield)
rPois  .         Spirit   .     (helmet restricted)
rElec  .         Reflect  .     (no cloak)
rCorr  .         Harm     .     (gloves unavailable)
MR     .....                    (boots unavailable)
Stlth  ++........               (no amulet)
                                (no ring)
                                d - ring of see invisible

@: no status effects
A: unfitting armour, claws 3, fast metabolism 3, gourmand, regeneration 1,
shaggy fur 1, tough skin 2
a: no special abilities


You were on level 4 of the Dungeon.
You were full.

You visited 1 branch of the dungeon, and saw 4 of its levels.

You collected 132 gold pieces.

Inventory:

Missiles
 i - 118 stones (quivered)
Armour
 a - a +0 robe (worn)
Jewellery
 d - a ring of see invisible (left claw)
Scrolls
 c - 5 scrolls of identify {unknown}
 e - 2 scrolls of magic mapping {unknown}
 f - 2 scrolls of remove curse {unknown}
 h - a scroll of fog {unknown}
 p - a scroll of recharging {unknown}
 r - a scroll of amnesia {unknown}
Potions
 k - 2 potions of flight {unknown}
 l - a potion of ambrosia {unknown}
 n - a potion of agility {unknown}
 o - a potion of degeneration {unknown}
 q - a potion of curing {unknown}
Comestibles
 b - 5 bread rations
 g - 2 meat rations
 j - 2 beef jerkies
 m - 2 slices of pizza


   Skills:
 - Level 2.4 Fighting
 - Level 2.4 Dodging
 - Level 1.0 Stealth
 + Level 7.3 Unarmed Combat


You had 5 spell levels left.
You didn't know any spells.

Dungeon Overview and Level Annotations

Branches:
Dungeon (4/15)
 Temple: D:4-7

Altars:
The Shining One

Annotations:
D:4 p0werm0de's ghost, amateur DsWn


Innate Abilities, Weirdness & Mutations

You are too large for most types of armour.
You have claws for hands.
Your metabolism is lightning-fast.
You like to eat raw meat.
Your natural rate of healing is unusually fast.
You are covered in fur. (AC +1)
You have very tough skin. (AC +2)


Message History

You mangle p0werm0de's ghost!!
P0werm0de's ghost is heavily damaged.
P0werm0de's ghost hits you!
You scratch p0werm0de's ghost but do no damage.
P0werm0de's ghost is heavily damaged.
P0werm0de's ghost hits you.
You closely miss p0werm0de's ghost.
P0werm0de's ghost is heavily damaged.
You scratch p0werm0de's ghost but do no damage.
P0werm0de's ghost is heavily damaged.
P0werm0de's ghost barely misses you.
You barely miss p0werm0de's ghost.
P0werm0de's ghost is heavily damaged.
P0werm0de's ghost hits you!
You closely miss p0werm0de's ghost.
P0werm0de's ghost is heavily damaged.
P0werm0de's ghost hits you!
* * * LOW HITPOINT WARNING * * *
P0werm0de's ghost hits you!
You die...

#...................####.#
#........######.....^.#h..
#........# ###.........
#........## ####.....#
########.<##########......
#........#......#####
#.....)....######
#....W...### #...@....#
#..[.....# #........#
#........# #........#
#........# #........#
##########


You could see p0werm0de's ghost.

Vanquished Creatures
  An orc warrior (D:4)
  2 orc priests
  A centaur skeleton (D:4)
  Ijyb (D:3)
  A worker ant (D:3)
  3 gnolls (D:2)
  4 adders
  An ooze (D:1)
  2 worms
  2 dart slugs
  5 orcs
  A ball python (D:3)
  4 giant cockroaches
  11 goblins
  7 hobgoblins
  A jackal (D:3)
  9 kobolds
  2 quokkas
  2 bats
  2 frilled lizards
  8 rats
70 creatures vanquished.

Notes
Turn   | Place    | Note
-------+----------+-------------------------------------------
     0 | D:1      | varam the Troll Monk began the quest for the Orb.
     0 | D:1      | Reached XP level 1. HP: 22/22 MP: 0/0
   133 | D:1      | Reached XP level 2. HP: 21/29 MP: 1/1
   363 | D:1      | Reached skill level 4 in Unarmed Combat
   958 | D:2      | Reached XP level 3. HP: 36/36 MP: 2/2
  1326 | D:2      | Found a glowing golden altar of the Shining One.
  1362 | D:2      | Reached skill level 5 in Unarmed Combat
  1362 | D:2      | Reached XP level 4. HP: 14/44 MP: 3/3
  2146 | D:3      | Noticed Ijyb
  2158 | D:3      | Killed Ijyb
  2158 | D:3      | Reached XP level 5. HP: 47/50 MP: 4/4
  2522 | D:3      | Reached skill level 6 in Unarmed Combat
  2832 | D:4      | Noticed an orc warrior
  2915 | D:4      | Noticed p0werm0de's ghost (amateur DsWn)
  3105 | D:4      | Killed an orc warrior
  3105 | D:4      | Reached skill level 7 in Unarmed Combat
  3105 | D:4      | Reached XP level 6. HP: 29/59 MP: 5/5
  3195 | D:4      | Slain by p0werm0de's ghost

Vault maps used:
D:1:      dpeg_arrival_arbitrary_b
D:2:      tso_metal_star, first_bread
D:3:      uniq_iyjb
D:4:      nicolae_qazlal_general_emergency

Skill      XL: |  1  2  3  4  5 |
---------------+----------------+-----
Unarmed Combat | 4 5 7 |  7.3
Fighting       | |  2.4
Dodging        | |  2.4
Stealth        | |  1.0

Action                   |  1- 3 |  4- 6 || total
-------------------------+-------+-------++-------
Melee: Unarmed           |    91 |   123 ||   214
       Punch             |     1 |       ||     1
 Stab: Sleeping          |     2 |     3 ||     5
  Eat: Chunk             |    12 |    20 ||    32
Armor: Robe              |    27 |    41 ||    68
Dodge: Dodged            |    41 |    55 ||    96
